 Dungeon Crawl Stone Soup version 0.32-a0-981-g384da2ce10 (webtiles) character file.

Game seed: 4465814447834604336

210096 Esekla the Eclecticist (level 18, -11/153 HPs)
             Began as a Demonspawn Wanderer on Apr 20, 2024.
             Was an Elder of Ashenzari.
             Mangled by a bunyip (27 damage)
             ... on level 3 of the Swamp on Apr 21, 2024.
             The game lasted 04:36:32 (38719 turns).

Esekla the Eclecticist (Demonspawn Wanderer)       Turns: 38719, Time: 04:36:33

Health: -11/153    AC: 18    Str:  9    XL:     18   Next: 17%
Magic:  3/51       EV: 14    Int: 23    God:    Ashenzari [****..]
Gold:   1328       SH: 11    Dex: 14    Spells: 13/57 levels left

rFire   + . .        s - +2 dagger (venom)
rCold   + . .        F - +1 buckler {AC+3}
rNeg    + . .        w - +2 robe "Ruined Together" {rC+ rF+, Comp, Self} (curse)
rPois   +            m - +2 helmet "Bound With Me" {rElec rN+ Dex-2 Slay+2, Self, Cun} (curse)
rElec   +            I - +0 cloak "Circumscribed Together" {Range, Self} (curse)
rCorr   .            D - +2 pair of gloves of the Sidereal Augur {Comp, Elem} (curse)
SInv    +            Q - +2 pair of boots of Ashenzari's Scepticism {rampage, Comp, Self} (curse)
Will    +....        Y - amulet of reflection
Stlth   ++++++++     x - ring of Ashenzari's Comet {MP+9, Sorc, Cun} (curse)
HPRegen 0.45/turn    E - ring "At What Cost Knowledge?" {rPois, Fort, Self} (curse)
MPRegen 0.32/turn

%: reflection, clarity, rampage
@: mighty, radiating poison, wreathed by umbra
A: powered by pain 1, big brain 1, weakness stinger 2, foul shadow 3
}: 1/15 runes: gossamer
a: Renounce Religion, Curse Item, Shatter the Chains


You were on level 3 of the Swamp.
You worshipped Ashenzari.
Ashenzari was greatly pleased with you.
You visited 6 branches of the dungeon, and saw 30 of its levels.
You also visited: Sewer and Bailey.

You collected 3902 gold pieces.
You spent 2574 gold pieces at shops.

Inventory:

Hand Weapons
 a - a +4 scimitar of venom
 f - a +3 scimitar of flaming
 r - a +2 spear of venom
 s - a +2 dagger of venom (weapon)
 y - a +1 dagger of protection
 z - a +3 scimitar of freezing
Missiles
 d - 6 javelins
 n - 10 curare-tipped darts
 B - 13 poisoned darts
 C - 3 boomerangs (quivered)
Armour
 m - the cursed +2 helmet "Bound With Me" (worn) {rElec rN+ Dex-2 Slay+2, Self, Cun}
   (You found it on level 2 of the Dungeon)

   Dex-2:     It affects your dexterity (-2).
   Slay+2:    It affects your accuracy & damage with ranged weapons and melee
   (+2).
   rElec:     It insulates you from electricity.
   rN+:       It protects you from negative energy.
   It has a curse which improves the following skills: Introspection: Fighting
   and Spellcasting.
   Cunning:   Dodging and Stealth.
 w - the cursed +2 robe "Ruined Together" (worn) {rC+ rF+, Comp, Self}
   (You bought it in a shop on level 5 of the Dungeon)

   It has a curse which improves the following skills: Companions: Summonings
   and Necromancy.
   Introspection: Fighting and Spellcasting.
 D - the cursed +2 pair of gloves of the Sidereal Augur (worn) {Comp, Elem}
   (You found it on level 1 of the Spider Nest)

   It has a curse which improves the following skills: Companions: Summonings
   and Necromancy.
   Elements:  Fire Magic, Ice Magic, Air Magic and Earth Magic.
 F - a +1 buckler of protection (worn)
 I - the cursed +0 cloak "Circumscribed Together" (worn) {Range, Self}
   (You took it off Maurice on level 7 of the Dungeon)

   It has a curse which improves the following skills: Ranged Combat: Ranged
   Weapons and Throwing.
   Introspection: Fighting and Spellcasting.
 Q - the cursed +2 pair of boots of Ashenzari's Scepticism (worn) {rampage, Comp, Self}
   (You found it in a bailey)

   It has a curse which improves the following skills: Companions: Summonings
   and Necromancy.
   Introspection: Fighting and Spellcasting.
Jewellery
 v - a ring of wizardry
 x - the cursed ring of Ashenzari's Comet (left hand) {MP+9, Sorc, Cun}
   (You found it on level 3 of the Dungeon)

   [ring of magical power]

   MP+9:      It affects your magic capacity (+9).
   It has a curse which improves the following skills: Sorcery: Conjurations and
   Alchemy.
   Cunning:   Dodging and Stealth.
 E - the cursed ring "At What Cost Knowledge?" (right hand) {rPois, Fort, Self}
   (You found it on level 10 of the Dungeon)

   [ring of poison resistance]

   rPois:     It protects you from poison.
   It has a curse which improves the following skills: Fortitude: Armour and
   Shields.
   Introspection: Fighting and Spellcasting.
 R - a ring of flight
 T - a ring of fire
 V - a +6 ring of dexterity
 Y - an amulet of reflection (around neck)
Wands
 H - a wand of roots (33)
 J - a wand of mindburst (47)
 M - a wand of flame (72)
 S - a wand of light (15)
 X - a wand of digging (4)
Scrolls
 b - 6 scrolls of fog
 c - 5 scrolls of poison
 h - 3 scrolls of silence
 j - 5 scrolls of teleportation
 t - 4 scrolls of fear
 A - 9 scrolls of blinking
 G - 6 scrolls of revelation
 O - 2 scrolls of enchant weapon
Potions
 e - a potion of cancellation
 g - 5 potions of resistance
 i - 7 potions of might
 k - 4 potions of lignification
 l - 6 potions of heal wounds
 o - 2 potions of enlightenment
 p - 5 potions of curing
 q - a potion of berserk rage
 u - a potion of magic
 K - 7 potions of brilliance
 L - 3 potions of invisibility
 N - 6 potions of haste
 P - a potion of experience
 U - a potion of attraction
 W - 2 potions of ambrosia


   Skills:
 * Level 11.7(16.7) Fighting
 + Level 6.4(6.8) Short Blades
 + Level 3.3(5.3) Long Blades
 + Level 5.1(6.9) Throwing
 + Level 3.9(5.6) Armour
 + Level 5.5(8.2) Dodging
 + Level 10.1(12.8) Stealth
 + Level 5.5(7.4) Shields
 * Level 15.1(20.1) Spellcasting
 + Level 7.1(9.0) Conjurations
 * Level 13.0(16.5) Necromancy
 + Level 5.1 Translocations
 + Level 6.0(7.8) Fire Magic
 + Level 7.8(9.7) Ice Magic
 * Level 8.5(10.3) Air Magic
 + Level 9.7(11.5) Alchemy
 + Level 1.4 Evocations


You had 13 spell levels left.
You knew the following spells:

 Your Spells              Type           Power      Damage    Failure   Level
a - Magic Dart            Conj           100%       1d8       1%          1
b - Blink                 Tloc           92%        N/A       1%          2
c - Mephitic Cloud        Conj/Alch/Air  63%        N/A       1%          3
d - Vampiric Draining     Necr           78%        2d11      0%          3
i - Irradiate             Conj/Alch      31%        3d22      1%          5
k - Airstrike             Air            31%        2d(5-21)  1%          4
l - Iskenderun's Mystic   Conj/Tloc      53%        2d11      (+2d61%     4
n - Ignite Poison         Fire/Alch      61%        N/A       1%          4
r - Frozen Ramparts       Ice            100%       1d16      1%          3
u - Dispel Undead         Necr           78%        3d26      1%          4
v - Mercury Vapours       Alch/Air       100%       N/A       1%          2
x - Olgreb's Toxic Radia  Alch           66%        N/A       1%          4
z - Freezing Cloud        Conj/Ice/Air   30%        6-21      1%          5

Your spell library contained the following spells:

 Spells                   Type           Power      Damage    Failure   Level
 Kiss of Death            Conj/Necr      100%       2d13      0%          1
 Sublimation of Blood     Necr           78%        N/A       0%          2
 Freeze                   Ice            100%       1d10      1%          1
 Shock                    Conj/Air       100%       1d9       1%          1
 Sting                    Conj/Alch      100%       1d9       1%          1
 Cigotuvi's Dreadful Rot  Necr/Alch/Air  100%       N/A       1%          2
 Static Discharge         Conj/Air       100%       3-8/arc   1%          2
 Dazzling Flash           Conj/Hex       86%        N/A       1%          3
 Hailstorm                Conj/Ice       60%        3d11      1%          3
 Inner Flame              Hex/Fire       41%        N/A       1%          3
 Maxwell's Portable Pile  Tloc           46%        2d(9-27)  1%          3
 Swiftness                Air            63%        N/A       1%          3
 Teleport Other           Tloc           46%        N/A       1%          3
 Volatile Blastmotes      Fire/Tloc      100%       2d18      1%          3
 Fulminant Prism          Conj/Alch      31%        3d15      1%          4
 Martyr's Knell           Necr/Summ      58%        N/A       1%          4
 Arcjolt                  Conj/Air       30%        1d40      1%          5
 Iskenderun's Battlesphe  Conj           59%        2d11      1%          5
 Sandblast                Erth           48%        2d12      2%          1
 Slow                     Hex            92%        N/A       2%          1
 Call Imp                 Summ           50%        N/A       3%          2
 Passage of Golubria      Tloc           46%        N/A       3%          4
 Summon Lightning Spire   Summ/Air       48%        N/A       3%          4
 Yara's Violent Unravell  Hex/Alch       24%        3d11      7%          5
 Confusing Touch          Hex            23%        N/A       9%          3
 Tukima's Dance           Hex            23%        N/A       9%          3
 Dimensional Bullseye     Hex/Tloc       17%        N/A       10%         4
 Summon Forest            Summ/Tloc      17%        N/A       24%         5
 Dispersal                Tloc           23%        N/A       45%         6
 Gell's Gavotte           Tloc           23%        2d(21-32) 45%         6
 Bombard                  Conj/Erth      22%        9d4       52%         6
 Summon Mana Viper        Hex/Summ       24%        N/A       56%         5
 Maxwell's Capacitive Co  Air            31%        ∞         95%         8
 Spellforged Servitor     Conj/Summ      22%        N/A       97%         7
 Summon Cactus Giant      Summ           12%        N/A       98%         6
 Summon Hydra             Summ           12%        N/A       100%        7
 Ignition                 Fire           28%        3d9       100%        8


Dungeon Overview and Level Annotations

Branches:
Dungeon (15/15)            Temple (1/1) D:5            Lair (5/5) D:11
  Swamp (3/4) Lair:3       Spider (4/4) Lair:3        Slime (0/5) Lair:5
    Orc (2/2) D:11            Elf (0/3) Orc:2        Vaults (0/5) D:14
 Depths (0/4) D:15          Sewer (visited)          Bailey (visited)

Altars:
Ashenzari
Cheibriados
Dithmenos
Fedhas
Gozag
Hepliaklqana
Kikubaaqudgha
Makhleb
Nemelex Xobeh
Okawaru
Qazlal
Ru
Sif Muna
Trog
Uskayaw
Vehumet
Wu Jian
Xom
Yredelemnul

Shops:
D:2 **[:?   D:5 *!   Orc:1 *:(:**   Orc:2 [([[

Annotations:
D:4 3 runed translucent doors, bullymong48's ghost, amateur CoBe; dogverified's ghost, amateur KoEn
Lair:1 exclusion: oklob plant
Swamp:1 1 runed translucent door, LlamaRama1234's ghost, journeyman MiGl
Swamp:3 Bai Suzhen


Innate Abilities, Weirdness & Mutations

You sometimes gain a little power by taking damage.
You have an unusually large brain. (Int +2)
You have a tail ending in a sharp stinger.
You are darkly shadowed, frequently releasing foul flame when damaged in melee.


Message History

A swamp drake comes into view.
The bunyip is engulfed in freezing vapours.
The bunyip is engulfed in freezing vapours.
Casting: Freezing Cloud (mildly dangerous; 1% risk of failure)
Confirm with . or Enter, or press ? or * to list all spells.
Aiming: Freezing Cloud (mildly dangerous; 1% risk of failure)
Press: ? - help, Dir - move target The bunyip is engulfed in freezing vapours. x2
You rampage towards the bunyip!
You hit the bunyip.
You tail-slap the bunyip, but do no damage.
The bunyip is heavily wounded.
A spriggan air mage comes into view.
The bunyip is engulfed in freezing vapours.
You block the bunyip's attack. The bunyip claws you!
* * * LOW HITPOINT WARNING * * *
The bunyip is seared by the foul flame within you!
The bunyip is severely wounded.
The bunyip claws you!
* * * LOW HITPOINT WARNING * * *
You focus on the pain.
You feel very mighty all of a sudden.
You feel much better.
Casting: Freezing Cloud (mildly dangerous; 1% risk of failure)
Confirm with . or Enter, or press ? or * to list all spells.
Aiming: Vampiric Draining (safe; 0% risk of failure)
Press: ? - help, Shift-Dir - straight line, f - bunyip
Aim: a bunyip (freezing vapour, severely wounded, umbra)
You draw life force from the bunyip!
You feel life coursing into your body.
The swamp drake is engulfed in freezing vapours.
Casting: Vampiric Draining (safe; 0% risk of failure)
Confirm with . or Enter, or press ? or * to list all spells.
You begin to radiate toxic energy.
The goliath frog is poisoned.
The swamp drake is engulfed in freezing vapours.
The bunyip is engulfed in freezing vapours.
The bunyip claws you!
* * * LOW HITPOINT WARNING * * *
The bunyip claws you!
* * * LOW HITPOINT WARNING * * *
The bunyip claws you!!
You die...

♣.[....~.~.....~.#**,*****,*
♣♣.........~~..~~♣*,~,*
♣~~.....~~.~..~~§♣,~≈≈,
♣.~~§.~~♣~.F~~..~♣,≈≈≈,
♣♣..~~.~.§.......♣.≈≈≈,
♣♣...~~~~..~.§..~♣.≈~≈,
♣...~.~♣~.~~§§k○§~♣~≈~*
♣...§~..~~§.§§§§§§.≈~≈,
♣♣...~.....@x§§§§§♣~≈~*
♣♣♣...~~.~~..)§§♣.≈~~,
♣....~..♣.)~.~~♣,~~~,
♣♣..♣.♣♣~...♣♣~♣,~~~,
♣~..~.♣.†~..♣~♣,~~~,
♣♣.♣~♣..†.~♣♣,#*,~,*
♣♣♣♣♣♣~~.~♣*~***,**
♣♣...♣*~***~**
♣♣♣.♣♣*,*,,,,,


You could see a bunyip, a goliath frog (poisoned) and a swamp drake.

Vanquished Creatures
  Jorgrun (Spider:3)
  Gastronok (Lair:1)
  Agnes (D:14)
  A fenstrider witch (Swamp:3)
  9 emperor scorpions
  5 ghost moths
  Louise (Spider:2)
  An orc warlord (Bailey)
  A very ugly thing (D:15)
  A broodmother (Spider:2)
  6 eleionomae
  4 bunyips
  4 spark wasps
  A fire dragon (Lair:5)
  4 entropy weavers
  Josephine (D:11)
  10 hydras
  Harold (Lair:1)
  7 alligators
  10 boulder beetles
  6 centaur warriors
  An ogre mage (D:15)
  A spriggan air mage (Swamp:2)
  A ghost crab (Swamp:2)
  3 radroaches
  A catoblepas (D:15)
  A dancing weapon (D:14)
  7 death yaks
  4 two-headed ogres
  11 demonic crawlers
  Urug (Lair:3)
  3 orc high priests (Orc:2)
  Sonja (Lair:3)
  A spriggan (Swamp:3)
  A fire crab (shapeshifter) (D:15)
  A skyshark (Lair:4)
  8 pharaoh ants
  3 goliath frogs
  A swamp dragon (Swamp:2)
  Lodul (D:11)
  3 spriggan druids
  2 sun moths
  12 orb spiders
  9 steelbarb worms
  2 lindwurms (Lair:5)
  2 arcanists (D:13)
  4 orc knights
  An obsidian bat (Orc:1)
  Pikel (D:8)
  2 bog bodies
  6 orc sorcerers
  2 deep elf pyromancers
  2 will-o-the-wisps
  7 ugly things
  6 cyclopes
  35 wolf spiders
  4 moths of wrath
  A guardian serpent (shapeshifter) (D:15)
  Maurice (D:7)
  A guardian serpent (Lair:5)
  5 manticores
  21 elephants
  10 torpor snails
  A kobold blastminer (Orc:1)
  11 black mambas
  A gargoyle (D:13)
  12 cane toads
  3 unseen horrors
  Jeremiah (D:7)
  An unseen horror (shapeshifter) (D:14)
  9 rime drakes
  Psyche (D:9)
  10 komodo dragons
  A tengu conjurer (D:15)
  2 efreet
  3 bloated husks
  20 tarantellas
  5 trolls
  4 polar bears
  11 hornets
  12 dream sheep (Lair:4)
  7 tyrant leeches
  38 jumping spiders
  21 blink frogs
  A centaur simulacrum (D:15)
  28 slime creatures
  23 culicivoras
  A vampire (D:12)
  5 wraiths
  23 wyverns
  Grum (Lair:1)
  A warg (Orc:2)
  A golden eye (shapeshifter) (D:14)
  20 yaks
  10 basilisks
  34 redbacks
  2 acid dragons
  14 swamp worms
  Duvessa (D:6)
  27 water moccasins
  34 orc warriors
  2 laughing skulls (D:15)
  An ice beast (D:8)
  2 sky beasts
  5 black bears
  16 ogres
  A crocodile (Sewer)
  11 wolves
  17 centaurs
  A brain worm (Sewer)
  A kobold brigand (Sewer)
  11 bullfrogs
  3 gnoll sergeants
  5 scorpions
  Dowan (D:6)
  5 wights (D:7)
  21 killer bees
  4 howler monkeys
  3 electric eels (D:7)
  2 bombardier beetles
  A jelly (D:6)
  11 hounds
  A gnoll bouda (D:7)
  18 orc priests
  2 sleepcaps
  34 orc wizards
  5 hell rats
  11 adders
  31 gnolls
  5 river rats (Sewer)
  2 white imps
  4 dart slugs
  3 ribbon worms
  58 orcs
  9 ball pythons
  7 endoplasms
  4 giant cockroaches
  21 goblins
  16 hobgoblins
  3 jackals (D:1)
  A quokka (D:1)
  3 bats
  4 frilled lizards
  7 kobolds
  13 rats
1052 creatures vanquished.

Vanquished Creatures (collateral kills)
  A bombardier beetle (D:7)
1 creature vanquished.

Vanquished Creatures (others)
  A bloated husk (Swamp:3)
  A swamp drake (Swamp:2)
  4 foxfires
6 creatures vanquished.

Grand Total: 1059 creatures vanquished

Notes
Turn   | Place    | Note
-------+----------+-------------------------------------------
     0 | D:1      | Esekla the Demonspawn Wanderer began the quest for the Orb.
     0 | D:1      | Esekla set off with the following items: a +0 dagger, a
                  | scroll of fog, a +0 robe, a +0 pair of boots; and the
                  | following spells available to memorise: Magic Dart, Sting,
                  | Kiss of Death, Dazzling Flash, Mephitic Cloud.
     0 | D:1      | Reached XP level 1. HP: 15/15 MP: 3/3
   151 | D:1      | You fall into a shaft and drop 1 floor!
   206 | D:2      | Found Niwu's Magic Scroll Boutique.
   359 | D:2      | Found Ymeothri's General Store.
   361 | D:2      | Gained mutation: You are faintly shadowed, very rarely
                  | releasing foul flame when damaged in melee. [demonic
                  | ancestry]
   361 | D:2      | Reached XP level 2. HP: 21/21 MP: 5/5
   500 | D:2      | Found Roriogg's General Store.
   569 | D:2      | Found Oconty's Armour Emporium.
   638 | D:2      | Identified the +2 helmet of Ysur {rElec rN+ Dex-2 Slay+2}
   666 | D:1      | Upgraded the game from 0.32-a0-975-g85d4e5bfdb to
                  | 0.32-a0-981-g384da2ce10
   668 | D:1      | Learned a level 1 spell: Magic Dart
   834 | D:1      | Reached XP level 3. HP: 26/26 MP: 6/6
   838 | D:1      | Learned a level 3 spell: Mephitic Cloud
  1002 | D:1      | Reached skill level 1 in Air Magic
  1085 | D:1      | Found a faded altar of an unknown god.
  1192 | D:2      | Reached skill level 1 in Dodging
  1282 | D:2      | Found Keamyal's Book Boutique.
  1331 | D:2      | Gained mutation: You have a small tail. [demonic ancestry]
  1331 | D:2      | Reached XP level 4. HP: 32/32 MP: 2/7
  1785 | D:3      | Found an ornate altar of the Wu Jian Council.
  1800 | D:3      | Reached skill level 1 in Short Blades
  1918 | D:3      | Found a glowing drain.
  1941 | Sewer    | Entered a sewer
  2070 | Sewer    | Reached skill level 1 in Necromancy
  2070 | Sewer    | Gained mutation: You have an unusually large brain. (Int
                  | +2) [demonic ancestry]
  2070 | Sewer    | Reached XP level 5. HP: 37/37 MP: 8/8
  2389 | Sewer    | Noticed a crocodile
  2421 | Sewer    | Killed a crocodile
  2422 | Sewer    | Reached skill level 1 in Translocations
  2453 | Sewer    | Reached XP level 6. HP: 26/44 MP: 8/10
  2560 | Sewer    | Reached skill level 3 in Spellcasting
  3249 | D:4      | Reached XP level 7. HP: 47/51 MP: 12/12
  3375 | D:4      | Found a runed translucent gate.
  3376 | D:4      | Found a runed translucent gate.
  3376 | D:4      | Found a runed translucent gate.
  3377 | D:4      | Noticed dogverified's ghost (amateur KoEn)
  3377 | D:4      | Noticed bullymong48's ghost (amateur CoBe)
  3432 | D:4      | Reached skill level 1 in Throwing
  4067 | D:5      | Entered Level 5 of the Dungeon
  4080 | D:5      | Found a staircase to the Ecumenical Temple.
  4214 | Temple   | Entered the Ecumenical Temple
  4221 | Temple   | Became a worshipper of Ashenzari the Shackled
  4324 | D:2      | Bought a book of Minor Magic for 192 gold pieces
  4327 | D:2      | Learned a level 2 spell: Blink
  4394 | D:5      | Found Moerel's Distillery.
  4710 | D:5      | Reached XP level 8. HP: 58/58 MP: 13/13
  4749 | D:5      | Reached skill level 4 in Spellcasting
  4845 | D:5      | Found a sacrificial altar of Ru.
  4869 | D:5      | Found Tiemiaw's General Store.
  5056 | D:5      | Found a burning altar of Makhleb.
  5373 | D:6      | Noticed Duvessa
  5374 | D:6      | Noticed Dowan
  5388 | D:6      | Killed Dowan
  5399 | D:6      | Noticed a two-headed ogre
  5402 | D:6      | Killed Duvessa
  5408 | D:6      | Killed a two-headed ogre
  5409 | D:6      | Reached XP level 9. HP: 25/65 MP: 15/15
  6689 | D:7      | Reached skill level 5 in Spellcasting
  6787 | D:7      | Found a transporter.
  6800 | D:7      | Found a transporter.
  6856 | D:7      | Noticed Jeremiah
  7083 | D:7      | Reached * piety under Ashenzari
  7301 | D:7      | Noticed Maurice
  7325 | D:7      | Killed Maurice
  7326 | D:7      | Reached skill level 5 in Conjurations
  7371 | D:7      | Killed Jeremiah
  7372 | D:7      | Reached skill level 5 in Fighting
  7758 | D:7      | Reached XP level 10. HP: 74/74 MP: 18/18
  8142 | D:8      | Noticed Pikel
  8160 | D:8      | Killed Pikel
  8161 | D:8      | Reached skill level 6 in Spellcasting
  8187 | D:8      | Found a flagged portal.
  8226 | D:8      | Reached skill level 5 in Necromancy
  8293 | Bailey   | Entered a bailey
  8355 | Bailey   | Reached ** piety under Ashenzari
  8548 | Bailey   | Noticed an orc warlord
  8575 | Bailey   | Killed an orc warlord
  8576 | Bailey   | Reached skill level 5 in Stealth
  8576 | Bailey   | Reached skill level 5 in Translocations
  8780 | Bailey   | Reached XP level 11. HP: 47/84 MP: 19/22
  9289 | D:2      | Bought a book of Debilitation for 240 gold pieces
  9295 | D:2      | Learned a level 5 spell: Irradiate
  9299 | D:2      | Learned a level 3 spell: Vampiric Draining
 10049 | D:9      | Reached skill level 5 in Alchemy
 10167 | D:9      | Reached skill level 5 in Air Magic
 10535 | D:9      | Noticed Psyche
 10541 | D:9      | Killed Psyche
 10653 | D:10     | Entered Level 10 of the Dungeon
 10712 | D:10     | Found a blossoming altar of Fedhas.
 10994 | D:10     | Reached skill level 1 in Armour
 11056 | D:10     | Found a sparkling altar of Nemelex Xobeh.
 11268 | D:10     | Found a transporter.
 11403 | D:10     | Found a transporter.
 11403 | D:10     | Identified the +1 hat of Luitip {Regen+ Str+4}
 11501 | D:10     | Reached skill level 7 in Spellcasting
 11596 | D:10     | HP: 3/84 [briar patch collision (19)]
 11893 | D:11     | Reached *** piety under Ashenzari
 11905 | D:11     | Found a staircase to the Orcish Mines.
 11909 | D:11     | Noticed a cyan ugly thing
 11931 | D:11     | Killed a cyan ugly thing
 11978 | D:11     | Found a stormy altar of Qazlal.
 11981 | D:11     | Noticed Josephine
 11994 | D:11     | Killed Josephine
 12238 | D:11     | Found a staircase to the Lair.
 12326 | D:11     | Noticed Lodul
 12346 | D:11     | Killed Lodul
 12347 | D:11     | Reached skill level 1 in Long Blades
 12366 | D:11     | Reached XP level 12. HP: 57/95 MP: 25/25
 12402 | D:11     | Reached **** piety under Ashenzari
 12772 | D:5      | Bought a +2 robe of resistance for 414 gold pieces
 12911 | Lair:1   | Entered Level 1 of the Lair of Beasts
 12911 | Lair:1   | Noticed Harold
 12921 | Lair:1   | Killed Harold
 13035 | Lair:1   | Noticed a seven-headed hydra
 13221 | Lair:1   | Noticed Gastronok
 13372 | Lair:1   | Killed a seven-headed hydra
 13445 | Lair:1   | Noticed Grum
 13465 | Lair:1   | Killed Grum
 13659 | Lair:1   | Killed Gastronok
 13660 | Lair:1   | Reached skill level 8 in Spellcasting
 14892 | Lair:2   | Reached skill level 5 in Short Blades
 15308 | Lair:3   | Found a hole to the Spider Nest.
 15310 | Lair:3   | Noticed Urug
 15329 | Lair:2   | Learned a level 3 spell: Frozen Ramparts
 15360 | Lair:3   | Killed Urug
 15361 | Lair:3   | Reached skill level 1 in Ice Magic
 15372 | Lair:3   | Reached XP level 13. HP: 47/103 MP: 17/28
 15458 | Lair:3   | Reached skill level 9 in Spellcasting
 15788 | Lair:3   | Found a staircase to the Swamp.
 15816 | Lair:3   | Noticed Sonja
 16110 | Lair:3   | Killed Sonja
 17134 | Lair:3   | Learned a level 4 spell: Iskenderun's Mystic Blast
 17623 | Lair:4   | Reached skill level 10 in Spellcasting
 18965 | Lair:5   | Entered Level 5 of the Lair of Beasts
 18988 | Lair:5   | Gained mutation: You are shadowed, sometimes releasing foul
                  | flame when damaged in melee. [demonic ancestry]
 18988 | Lair:5   | Reached XP level 14. HP: 111/111 MP: 30/30
 19864 | Lair:5   | Reached skill level 5 in Throwing
 20220 | Lair:5   | Reached skill level 11 in Spellcasting
 20230 | Lair:5   | Reached skill level 10 in Necromancy
 20816 | Lair:5   | Found a sacrificial altar of Ru.
 20876 | Lair:5   | Reached skill level 5 in Ice Magic
 21135 | Lair:5   | Found a staircase to the Slime Pits.
 22313 | Orc:1    | Entered Level 1 of the Orcish Mines
 22313 | Orc:1    | Found Duts's Book Boutique.
 22325 | Orc:1    | Found Zirostad's Assorted Antiques.
 22464 | Orc:1    | Reached skill level 12 in Spellcasting
 22589 | Orc:1    | Bought a scroll labelled ALIC ETZINT for 22 gold pieces
 22645 | Orc:1    | Found Motrar's Weapon Emporium.
 22646 | Orc:1    | Found Gusuoxtas's Book Shoppe.
 22735 | Orc:1    | Bought a Young Poisoner's Handbook for 340 gold pieces
 22740 | Orc:1    | Learned a level 4 spell: Olgreb's Toxic Radiance
 22740 | Orc:1    | Bought a Trismegistus Codex for 476 gold pieces
 22746 | Orc:1    | Learned a level 5 spell: Freezing Cloud
 22751 | Orc:1    | Learned a level 4 spell: Ignite Poison
 22754 | Orc:1    | Learned a level 2 spell: Mercury Vapours
 22766 | Orc:2    | Entered Level 2 of the Orcish Mines
 23021 | Orc:1    | Found Tilyc's Overcharged Wands.
 23030 | Orc:1    | Found Vessodoa's Assorted Antiques.
 23128 | Orc:1    | Found a bloodstained altar of Trog.
 23199 | Orc:2    | Found a staircase to the Elven Halls.
 23316 | Orc:2    | Gained mutation: You are darkly shadowed, frequently
                  | releasing foul flame when damaged in melee. [demonic
                  | ancestry]
 23316 | Orc:2    | Reached XP level 15. HP: 119/122 MP: 28/33
 23566 | Orc:2    | Reached skill level 1 in Fire Magic
 23781 | Orc:2    | Found Xaok Cyi's Antique Armour Shoppe.
 23781 | Orc:2    | Found Qeutrov's Armour Emporium.
 23781 | Orc:2    | Found Hina Zen's Armour Shoppe.
 23946 | Orc:2    | Found Pelest's Antique Weapon Emporium.
 24382 | Orc:2    | Bought a slimy robe for 136 gold pieces
 24382 | Orc:2    | Identified the +2 robe of Follow the Leader {Str+7} (You
                  | bought it in a shop on level 2 of the Orcish Mines)
 24382 | Orc:2    | Bought a shiny buckler for 180 gold pieces
 24384 | Orc:2    | Bought a polished falchion for 184 gold pieces
 24384 | Orc:2    | Identified the +1 falchion of Darkness {drain, rElec rN++}
                  | (You bought it in a shop on level 2 of the Orcish Mines)
 24490 | Orc:1    | Bought a book of Decay for 390 gold pieces
 24495 | Orc:1    | Learned a level 4 spell: Dispel Undead
 24659 | D:12     | Learned a level 4 spell: Airstrike
 24669 | D:12     | Identified the +5 spear "Susaep" {spect, SInv}
 25061 | D:12     | Reached skill level 1 in Shields
 25805 | D:13     | Identified the +2 leather armour of Lonewyol {Harm rF- rC-
                  | rN+++}
 26619 | D:14     | Found a gate to the Vaults.
 26620 | D:14     | Noticed Agnes
 26626 | D:14     | Killed Agnes
 26959 | D:15     | Entered Level 15 of the Dungeon
 27094 | D:15     | Reached skill level 10 in Fighting
 27212 | D:15     | Found a staircase to the Depths.
 27337 | D:15     | Found a sparkling altar of Nemelex Xobeh.
 27446 | D:15     | Gained mutation: You sometimes gain a little power by
                  | taking damage. [demonic ancestry]
 27446 | D:15     | Reached XP level 16. HP: 132/136 MP: 35/37
 27919 | Spider:1 | Entered Level 1 of the Spider Nest
 28079 | Spider:1 | Reached skill level 13 in Spellcasting
 28395 | Spider:1 | Found a transporter.
 28395 | Spider:1 | Found a transporter.
 28395 | Spider:1 | Identified the +0 pair of boots "Wastoufa" {Harm Rampage
                  | rPois rF-}
 28561 | Spider:1 | Identified Ylyopu's Spellbook of the Ironbound Tesseract
 29743 | Spider:2 | Reached skill level 5 in Dodging
 30443 | Spider:3 | Noticed Louise
 30727 | Spider:2 | Killed Louise
 31207 | Spider:3 | Noticed Jorgrun
 31217 | Spider:3 | Killed Jorgrun
 31218 | Spider:3 | Gained mutation: You have a tail ending in a sharp stinger.
                  | [demonic ancestry]
 31218 | Spider:3 | Reached XP level 17. HP: 144/144 MP: 39/39
 31272 | Spider:3 | Reached skill level 10 in Stealth
 31281 | Spider:3 | Reached skill level 5 in Fire Magic
 31526 | Spider:4 | Entered Level 4 of the Spider Nest
 31666 | Spider:4 | Reached skill level 14 in Spellcasting
 33004 | Spider:4 | Reached skill level 5 in Shields
 34326 | Spider:4 | Got a gossamer rune of Zot
 34507 | Swamp:1  | Entered Level 1 of the Swamp
 34767 | Swamp:1  | Found a runed translucent door.
 34767 | Swamp:1  | Found a shimmering altar of Xom.
 34767 | Swamp:1  | Noticed LlamaRama1234's ghost (journeyman MiGl)
 35716 | Swamp:2  | Identified the dragon-blood talisman "Ricoapid" {Slay+2}
 37356 | Swamp:2  | Reached XP level 18. HP: 153/153 MP: 41/41
 38186 | Swamp:3  | Identified the +0 robe of Myelab {+Inv rF+ Stlth+}
 38266 | Swamp:3  | Noticed Bai Suzhen
 38425 | Swamp:3  | Identified the +4 chain mail "Yskib" {rN+ SInv}
 38590 | Swamp:3  | Reached skill level 15 in Spellcasting
 38719 | Swamp:3  | Mangled by a bunyip

Illustrated notes

Levels and vault maps discovered:
D:1:      dpeg_arrival_line_fractal, layout_loops_ring,
          hellmonk_ecumenical_altar_dog_temple
D:2:      layout_loops_ring, serial_shops, nicolae_shop_tiny_statue_garden,
          nicolae_shop_back_alley_shop, shop, shop, nicolae_shop_waterfront,
          grunt_ministairs_15, kennysheep_generic_room_4
D:3:      layout_rooms, mainiacjoe_overflow_boulevard, portal_sewer_entry_d,
          minmay_statues_item, serial_bayou_pond_e
D:4:      layout_basic, lemuel_tele_altar, zin_academy, gammafunk_ghost_cemetery
D:5:      layout_basic, marbit_many_paths, nicolae_ru_sacrificial_ziggurat,
          minmay_temple_entry_overgrown, serial_shops, shop,
          nicolae_stop_n_shop_1
D:6:      layout_loops_corners, uniq_duvessa
D:7:      gammafunk_steamed_eel, layout_loops_ring, uniq_jeremiah, uniq_maurice
D:8:      layout_rooms, enter_bailey_7, uniq_pikel
D:9:      layout_basic, st_stairs_12, kennysheep_flooded_box, uniq_psyche
D:10:     gammafunk_worm_tunnel, layout_small_grid, kennysheep_mini_moat,
          fedhas_altar_2
D:11:     layout_gridville, due_lair_maze_entry_diamond, orc_0_dummy,
          nicolae_qazlal_general_emergency, uniq_lodul, uniq_josephine
D:12:     layout_roguey
D:13:     layout_long_grid
D:14:     layout_roguey, erik_vaults_1, nicolae_elyvilon_temple_path, uniq_agnes
D:15:     hangedman_depths_entry_try_elsewhere_first, layout_loops_ring,
          nemelex_diamond_rough_becter, hangedman_decor_diamond_cutter
Temple:   nicolae_temple_no_exploring_needed
Lair:1:   layout_big_grid, lemuel_oklob_altar, grunt_megastairs_5,
          serial_bayou_shore_b, uniq_gastronok, uniq_grum, uniq_harold
Lair:2:   layout_layer_cave
Lair:3:   layout_chaotic_city, swamp_mist, spider_nest_entry_rubble,
          grunt_forest_large_clearings, uniq_sonja, uniq_urug
Lair:4:   layout_cave_pods, special_room [special_room_mythical_zoo],
          grunt_megastairs_1, serial_bayou_shore_b
Lair:5:   wormcave, layout_cave_pods, hangedman_lair_tendril_chambers,
          minmay_slime_entry_pillars, lemuel_centaur_altar
Swamp:1:  layout_basic_swamp, ebering_ghost_xom, nicolae_swamp_reclaimed_castle,
          nicolae_swamp_bean_lake
Swamp:2:  layout_basic_swamp, evilmike_swamp_ruin_house_6,
          infiniplex_staircase_pool
Swamp:3:  nzn_winding_woodlands_medium [nzn_winding_woodlands_5x5_three,
          nzn_winding_woodlands_5x15_river_crossing,
          nzn_winding_woodlands_5x5_open_star,
          nzn_winding_woodlands_5x5_perimeter,
          nzn_winding_woodlands_center_pierced_h,
          nzn_winding_woodlands_5x5_default, nzn_winding_woodlands_5x5_cross,
          nzn_winding_woodlands_5x15_crooked,
          nzn_winding_woodlands_5x5_default], layout_falls_marsh,
          evilmike_swamp_ruin_house_5, uniq_bai_suzhen
Spider:1: gammafunk_boulding_lane
Spider:2: cheibrodos_forgotten_conduit, nicolae_spider_stair_cavern
Spider:3: nicolae_spider_mines_3, uniq_jorgrun, uniq_louise
Spider:4: guppyfry_spider_rune
Orc:1:    layout_diamond_mine, basic_altar, serial_shops, nicolae_shop_trees,
          shop, nicolae_shop_tiny_statue_garden,
          nicolae_shop_tiny_statue_garden, shop, nicolae_shop_overcharged_wands
Orc:2:    st_orc_mages, layout_caves

Skill      XL: |  1  2  3  4  5  6  7  8  9 10 11 12 13 14 15 16 17 18 |
---------------+-------------------------------------------------------+-----
Air Magic      | 1 2 3 4 5 6 7 8 |  8.5
Dodging        | 1 2 3 4 5 |  5.5
Short Blades   | 1 2 3 4 5 6 |  6.4
Necromancy     | 1 2 3 4 5 7 9 10 11 12 13 | 13.0
Translocations | 1 2 3 4 5 |  5.1
Alchemy        | 2 3 4 6 7 8 9 |  9.7
Spellcasting   | 3 4 5 6 7 8 10 12 13 14 15 | 15.1
Fighting       | 2 3 5 6 7 8 9 10 11 | 11.7
Stealth        | 2 3 4 5 6 7 8 9 10 | 10.1
Throwing       | 1 3 4 5 |  5.1
Conjurations   | 5 6 7 |  7.1
Armour         | 2 3 |  3.9
Long Blades    | 1 2 3 |  3.3
Ice Magic      | 1 3 5 6 7 |  7.8
Fire Magic     | 3 4 5 6 |  6.0
Shields        | 3 4 5 |  5.5
Evocations     | |  1.4

Action                     |  1- 3 |  4- 6 |  7- 9 | 10-12 | 13-15 | 16-18 || total
---------------------------+-------+-------+-------+-------+-------+-------++-------
  Melee: Dagger            |   131 |   106 |   190 |   534 |   824 |   134 ||  1919
         Tailslap          |       |    14 |    37 |   134 |   191 |    45 ||   421
         Scimitar          |       |       |       |    55 |    56 |   130 ||   241
  Throw: Dart              |     8 |    16 |    95 |    68 |    41 |    25 ||   253
         Boomerang         |       |       |       |     3 |     1 |     9 ||    13
         Javelin           |       |       |       |       |     8 |       ||     8
   Cast: Magic Dart        |     5 |    79 |    88 |   141 |    80 |     7 ||   400
         Mephitic Cloud    |     3 |     9 |    40 |    77 |    65 |    11 ||   205
         Blink             |       |       |     2 |    11 |     7 |     7 ||    27
         Irradiate         |       |       |       |    23 |    14 |    29 ||    66
         Vampiric Draining |       |       |       |    15 |    81 |    24 ||   120
         Frozen Ramparts   |       |       |       |       |    72 |    23 ||    95
         Ignite Poison     |       |       |       |       |    37 |   110 ||   147
         Olgreb's Toxic Ra |       |       |       |       |    29 |    63 ||    92
         Mercury Vapours   |       |       |       |       |     9 |    58 ||    67
         Freezing Cloud    |       |       |       |       |    13 |    26 ||    39
         Airstrike         |       |       |       |       |     5 |    11 ||    16
         Dispel Undead     |       |       |       |       |       |     6 ||     6
 Invoke: Curse Item        |       |       |     2 |     5 |     3 |     1 ||    11
         Shatter the Chain |       |       |       |     2 |     1 |     1 ||     4
  Evoke: Wand              |       |       |     2 |    11 |       |     1 ||    14
    Use: Potion            |       |       |       |     7 |       |     1 ||     8
         Scroll            |       |       |       |       |     2 |     1 ||     3
   Stab: Sleeping          |     4 |     3 |     5 |    13 |    69 |    44 ||   138
         Confused          |     3 |     3 |    22 |    71 |    79 |       ||   178
         Distracted        |       |       |       |       |     2 |     1 ||     3
         Paralysed         |       |       |       |       |     1 |       ||     1
 Armour: Robe              |    65 |    37 |    70 |   226 |   504 |   446 ||  1348
         Troll leather arm |       |       |       |    52 |       |       ||    52
  Dodge: Dodged            |   101 |    33 |    77 |   218 |   498 |   345 ||  1272
  Block: Buckler           |       |       |       |       |    36 |   168 ||   204

Table legend: (Time is in decaauts)
 A = Elapsed time spent in this place.
 B = Non-inter-level travel time spent in this place.
 C = Inter-level travel time spent in this place.
 D = Time resting spent in this place.
 E = Time spent auto-exploring this place.
 F = Levels seen in this place.
 G = Mean time per level.
                   A        B        C        D        E       F      G
               +--------+--------+--------+--------+--------+-----+--------+
         Total |  38435 |  35860 |   2575 |  11381 |  10272 |  32 | 1201.1 |
       Dungeon |  14778 |  13373 |   1405 |   2042 |   4307 |  15 |  985.2 |
        Temple |     14 |      7 |      7 |      0 |      0 |   1 |   14.0 |
          Lair |   9404 |   8681 |    723 |   2977 |   2909 |   5 | 1880.8 |
         Swamp |   3755 |   3688 |     67 |   1976 |    775 |   3 | 1251.7 |
   Spider Nest |   6524 |   6371 |    153 |   3445 |   1241 |   4 | 1631.0 |
  Orcish Mines |   2167 |   1949 |    218 |    511 |    553 |   2 | 1083.5 |
         Sewer |   1056 |   1056 |      0 |    227 |    436 |   1 | 1056.0 |
        Bailey |    733 |    733 |      0 |    202 |     49 |   1 |  733.0 |
               +--------+--------+--------+--------+--------+-----+--------+

Top non-repeatable levels by time:
  Lair:5: 2821 daAuts
 Swamp:1: 2443 daAuts
Spider:4: 2196 daAuts
  Lair:4: 2052 daAuts
  Lair:3: 1863 daAuts
Spider:2: 1678 daAuts
   Orc:2: 1506 daAuts
     D:6: 1503 daAuts
     D:7: 1503 daAuts
Spider:3: 1472 daAuts
  Lair:1: 1378 daAuts
  Lair:2: 1288 daAuts
Spider:1: 1177 daAuts
     D:5: 1129 daAuts
     D:4: 1101 daAuts
